 Dungeon Crawl Stone Soup version 0.27-a0-1359-ga2a4dfd6fd (webtiles) character file.

Game seed: 15301274276712590579

533 robertstho the Chopper (level 7, -12/94 HPs)
             Began as a Minotaur Berserker on June 28, 2021.
             Was a Believer of Trog.
             Mangled by an ogre (31 damage)
             ... on level 4 of the Dungeon.
             The game lasted 00:02:50 (2978 turns).

robertstho the Chopper (Minotaur Berserker)         Turns: 2978, Time: 00:02:51

Health: -12/94     AC:  6    Str: 24    XL:     7   Next: 4%
Magic:  6/6        EV: 11    Int:  4    God:    Trog [**....]
Gold:   136        SH:  0    Dex:  9    Spells: 6/6 levels left

rFire    . . .     SeeInvis .   a - +1 hand axe
rCold    . . .     Faith    .   (no shield)
rNeg     . . .     Spirit   .   c - +0 ring mail
rPois    .         Reflect  .   (helmet restricted)
rElec    .         Harm     .   (no cloak)
rCorr    .         Rampage  .   (no gloves)
Will     .....                  (no boots)
Stlth    ..........             (no amulet)
HPRegen  0.25/turn              (no ring)
MPRegen  0.10/turn              (no ring)

@: berserking, very quick
A: horns 2, retaliatory headbutt
a: Renounce Religion, Berserk, Trog's Hand


You were on level 4 of the Dungeon.
You worshipped Trog.
Trog was pleased with you.
You visited 1 branch of the dungeon, and saw 4 of its levels.

You collected 136 gold pieces.

Inventory:

Hand Weapons
 a - a +1 hand axe (weapon)
Armour
 c - a +0 ring mail (worn)
Jewellery
 b - a ring of magical power
 j - a ring of flight
Wands
 d - a wand of flame (13)
Scrolls
 k - a scroll of enchant weapon
 m - a scroll of identify
Potions
 e - 2 potions of curing
 f - a potion of haste {unknown}
 g - 2 potions of lignification {unknown}
 h - 3 potions of attraction {unknown}
 i - a potion of heal wounds {unknown}
 l - a potion of ambrosia {unknown}


   Skills:
 * Level 6.1 Fighting
 + Level 6.2 Axes
 * Level 5.2 Armour
 + Level 3.2 Dodging


You had 6 spell levels left.
You didn't know any spells.
Your spell library was empty.

Dungeon Overview and Level Annotations

Branches:
Dungeon (4/15)
 Temple: D:4-7

Altars:
Cheibriados
Fedhas
Hepliaklqana


Innate Abilities, Weirdness & Mutations

You have a pair of horns on your head.
You reflexively headbutt those who attack you in melee.


Message History

The hound skeleton is almost destroyed.
The hound skeleton barely misses you. You furiously retaliate!
You headbutt the hound skeleton!
You destroy the hound skeleton!
Trog accepts your kill.
HP restored.
Things that are here:
a +0 dagger; 3 stones
Things that are here:
a +0 dagger; 3 stones You now have 131 gold pieces (gained 16).
You now have 136 gold pieces (gained 5).
Found a stone staircase leading up.
An ogre comes into view. It is wielding a +0 giant club.
The ogre shouts!
You hear a shout!
An ogre is nearby!
An ogre is nearby!
An ogre is nearby!
An ogre is nearby! 2 orc priests come into view.
The orc priest shouts!
You hear a shout!
The orc priest invokes the aid of Beogh against you.
Beogh smites you!
The orc priest mumbles some strange prayers to Beogh against you.
Beogh smites you!
You hear a shout!
An orc wizard comes into view. It is wielding a +0 dagger.
The orc wizard shouts!
You hear a shout!
The ogre misses you. You furiously retaliate!
You headbutt the ogre!
An orc comes into view. It is wielding a +0 trident.
You hit the ogre. Your headbutt misses the ogre.
The ogre is severely wounded.
You hit the ogre. Your headbutt misses the ogre.
The ogre is almost dead.
The ogre hits you with a +0 giant club!!
* * * LOW HITPOINT WARNING * * *
A red film seems to cover your vision as you go berserk!
You feel yourself moving faster!
You feel mighty!
The ogre hits you with a +0 giant club!!
You die...

#......................#
#.......#..#..#..###..##
##.....###.####### #.#
#..........# #
#..........###
#............#.##
##..#.....#...<..
#..##.....##.#..
##.###..@....# #.
#..oO.......
#..#..o?....##
##.#..o...#..# #
##....##..# ..#o.. .# #.
.... #. ....#


You could see an ogre, 2 orc priests, an orc wizard and an orc.

Vanquished Creatures
  Sigmund (D:2)
  A phantom (D:3)
  A water moccasin zombie (D:3)
  2 hounds (D:4)
  A jelly (D:3)
  An iguana (D:3)
  Natasha (thrice) (D:2)
  A hound skeleton (D:4)
  A worm (D:3)
  A dart slug (D:1)
  2 orcs (D:3)
  4 ball pythons
  6 endoplasms
  2 giant cockroaches
  4 goblins
  6 hobgoblins
  6 jackals
  4 kobolds
  A quokka (D:3)
  3 bats
  3 frilled lizards
  5 rats
59 creatures vanquished.

Vanquished Creatures (others)
  3 withered plants (D:1)
3 creatures vanquished.

Grand Total: 62 creatures vanquished

Notes
Turn   | Place    | Note
-------+----------+-------------------------------------------
     0 | D:1      | robertstho the Minotaur Berserker began the quest for the
                  | Orb.
     0 | D:1      | Reached XP level 1. HP: 19/19 MP: 0/0
   347 | D:1      | Reached XP level 2. HP: 27/27 MP: 1/1
   412 | D:1      | Found a faded altar of an unknown god.
   950 | D:1      | Reached XP level 3. HP: 34/34 MP: 2/2
  1105 | D:2      | Noticed Sigmund
  1121 | D:2      | Killed Sigmund
  1122 | D:2      | Reached skill level 5 in Fighting
  1122 | D:2      | Reached skill level 5 in Axes
  1122 | D:2      | Reached XP level 4. HP: 13/42 MP: 3/3
  1122 | D:2      | Reached XP level 5. HP: 15/48 MP: 4/4
  1498 | D:2      | Reached ** piety under Trog
  1529 | D:2      | Noticed Natasha
  1533 | D:2      | Killed Natasha
  1602 | D:2      | Noticed Natasha
  1607 | D:2      | Killed Natasha
  1834 | D:2      | Noticed Natasha
  1837 | D:2      | Killed Natasha
  2051 | D:3      | Reached XP level 6. HP: 44/57 MP: 5/5
  2224 | D:3      | Found a snail-covered altar of Cheibriados.
  2268 | D:3      | Found a blossoming altar of Fedhas.
  2525 | D:3      | Found a hazy altar of Hepliaklqana.
  2648 | D:3      | Reached skill level 5 in Armour
  2918 | D:4      | Reached XP level 7. HP: 63/63 MP: 6/6
  2978 | D:4      | Mangled by an ogre

Illustrated notes

Levels and vault maps discovered:
D:1:      dpeg_arrival_arbitrary_c, layout_loops_ring,
          ebering_ecumenical_altar_petrified, hex_large, item_on_display_a
D:2:      layout_loops_ring, uniq_natasha, uniq_sigmund
D:3:      layout_loops_ring, jmf_multi_god_temple, overflow_temple_1_default,
          minmay_misc_feat_pillars, chequers_mini_garden
D:4:      minmay_skewed_foursquare, layout_cave_pools,
          eat_drink_and_be_merry_uskayaw, uniq_ijyb

Skill      XL: |  1  2  3  4  5  6 |
---------------+-------------------+-----
Fighting       | 4 5 6 |  6.1
Axes           | 4 5 6 |  6.2
Armour         | 3 4 5 |  5.2
Dodging        | 3 |  3.2

Action                   |  1- 3 |  4- 6 |  7- 9 || total
-------------------------+-------+-------+-------++-------
Melee: Hand axe          |    40 |    74 |    12 ||   126
       Headbutt          |     9 |    13 |     2 ||    24
Invok: Berserk           |     2 |       |     1 ||     3
  Use: Scroll            |     1 |     2 |       ||     3
 Stab: Sleeping          |     1 |       |       ||     1
Armor: Animal skin       |     9 |       |       ||     9
       Ring mail         |     5 |    14 |     5 ||    24
Dodge: Dodged            |    31 |    40 |     6 ||    77

Table legend: (Time is in decaauts)
 A = Elapsed time spent in this place.
 B = Non-inter-level travel time spent in this place.
 C = Inter-level travel time spent in this place.
 D = Time resting spent in this place.
 E = Time spent auto-exploring this place.
 F = Levels seen in this place.
 G = Mean time per level.
                   A        B        C        D        E       F      G
               +--------+--------+--------+--------+--------+-----+--------+
         Total |   3009 |   2958 |     51 |    483 |   2137 |   4 |  752.2 |
       Dungeon |   3009 |   2958 |     51 |    483 |   2137 |   4 |  752.2 |
               +--------+--------+--------+--------+--------+-----+--------+

Top non-repeatable levels by time:
     D:1: 1025 daAuts
     D:2: 967 daAuts
     D:3: 919 daAuts
     D:4: 96 daAuts
